[Event "Lliga Catalana 2024"]
[Site "Catalonia"]
[Date "2024.02.24"]
[Round "6.2"]
[White "Chigaev, Maksim"]
[Black "Rojano Alfonso, Carlos"]
[Result "1-0"]
[ECO "A96"]
[WhiteElo "2622"]
[BlackElo "2240"]
[Annotator "TA"]
[PlyCount "87"]
[EventDate "2024.01.18"]
[EventType "team-tourn"]
[EventCountry "ESP"]
[SourceTitle "playchess.com"]
[Source "ChessBase"]
[SourceQuality "1"]
[TimeControl "5400+30"]

1. d4 e6 2. Nf3 f5 3. g3 Nf6 4. Bg2 d6 5. O-O Be7 6. c4 O-O 7. b4 Qe8 8. a4 a5 9. b5 Qh5 {[%emt 0:02:15] White is slightly better.} 10. Nc3 Nbd7 11. Ba3 Rf7 12. Qb3 Rb8 13. c5 d5 (13... dxc5 $14 14. Qxe6 Bd6) 14. Qc2 $16 Ne4 15. c6 bxc6 16. bxc6 Ndf6 17. Nxe4 (17. Ne5 {looks sharper.} Bxa3 18. Bf3 Qh3 19. Rxa3 Re7 20. Bg2) 17... dxe4 18. Ne5 Bxa3 19. Nxf7 ({Better is} 19. Rxa3 $16 Rf8 20. e3) 19... Bb4 20. Ne5 Ba6 21. f3 e3 22. Qb3 Qe8 23. Nd7 Nxd7 24. cxd7 Qxd7 25. Qxe3 Rd8 {[%emt 0:02:06] Black is on the road to losing.} ({Black should try} 25... c5 $14) 26. Rfd1 $18 Qd6 27. f4 Bc4 (27... Kf8 $142 28. Qf3 c5) 28. Rac1 Qa6 {[%emt 0:00:35] [#]} 29. Bb7 $1 Qxb7 30. Rxc4 Rd6 31. Rdc1 Qb6 32. Kg2 h6 33. Rxc7 {[%emt 0:03:19] [#] White threatens Qe5 and mate.} Qxd4 34. Rc8+ Kh7 35. Qxd4 Rxd4 {[%emt 0:00:03][%mdl 4096] Endgame. KRR-KRB} 36. R8c4 Rd2 37. R1c2 Rd1 38. Rc6 {[%emt 0:00:06][%cal Bc4c6,Bc6e6,Be6e5,Be5f5,Bf5b5,Bb5b7][%mdl 32] White is clearly winning.} Ra1 39. Rxe6 Rxa4 40. Re5 Ra1 41. Rxf5 a4 42. Rb5 Be7 43. Rb7 Bf6 44. e4 {[%emt 0:00:10] Weighted Error Value: White=0.18 (very precise) /Black=0.38.  Mistake:       	White=1     	Black=3      Inaccurate:     	White=2     	Black=2      OK:         	White=21    	Black=10     Best:        	White=2     	Black=3} 1-0

[Event "Lliga Catalana 2024"]
[Site "Catalonia"]
[Date "2024.02.24"]
[Round "6.2"]
[White "Lazaro Pujol, Abel"]
[Black "Diaz Camallonga, Carles"]
[Result "0-1"]
[ECO "B32"]
[WhiteElo "2301"]
[BlackElo "2493"]
[Annotator "RC"]
[PlyCount "122"]
[EventDate "2024.01.18"]
[EventType "team-tourn"]
[EventCountry "ESP"]
[SourceTitle "playchess.com"]
[Source "ChessBase"]
[SourceQuality "1"]
[TimeControl "5400+30"]

1. e4 c5 2. Nf3 Nc6 3. d4 cxd4 4. Nxd4 e5 5. Nb5 d6 6. N1c3 a6 7. Na3 Be6 8. Nc4 b5 9. Ne3 Nf6 10. g3 g6 11. Bg2 Bh6 12. O-O O-O 13. Ncd5 Bxd5 14. exd5 Ne7 15. a4 Nd7 16. Qe2 Rb8 17. axb5 axb5 18. Bd2 f5 19. Ra7 Nc8 20. Ba5 Ndb6 21. Ra6 Qd7 22. Ra1 Rb7 23. Bd2 Ne7 24. Nc4 bxc4 25. Bxh6 Rfb8 26. h4 Kf7 27. Be3 Ng8 28. Qd2 Nf6 29. Qa5 Nc8 30. Rc6 Rb5 31. Qc3 Rxb2 32. Qxc4 R2b7 33. Rd1 Ne7 34. Ra6 Rc8 35. Qa2 Rbc7 36. Qa3 Ne8 37. Bb6 Rxc2 38. Ra7 Qb5 39. Qe3 Qe2 40. Qxe2 Rxe2 41. Rb1 Rec2 42. Kh2 Nf6 43. Be3 R8c7 44. Rxc7 Rxc7 45. Rb5 Ng4+ 46. Kg1 Nxe3 47. fxe3 e4 48. g4 Kf6 49. Kf2 Ke5 50. gxf5 gxf5 51. Bh3 Rc2+ 52. Kg1 Rd2 53. Rb7 Kf6 54. Rxe7 Kxe7 55. Bxf5 h6 56. Bxe4 Re2 57. Bf3 Rxe3 58. Kf2 Ra3 59. Kg3 Kf6 60. Kf4 Ra4+ 61. Be4 Rb4 0-1

[Event "Lliga Catalana 2024"]
[Site "Catalonia"]
[Date "2024.02.24"]
[Round "6.3"]
[White "Garcia Ramos, Daniel"]
[Black "Lemeshev, Ilya"]
[Result "1-0"]
[ECO "C57"]
[WhiteElo "2436"]
[BlackElo "2236"]
[Annotator "TA"]
[PlyCount "59"]
[EventDate "2024.01.18"]
[EventType "team-tourn"]
[EventCountry "ESP"]
[SourceTitle "playchess.com"]
[Source "ChessBase"]
[SourceQuality "1"]
[TimeControl "5400+30"]

1. e4 e5 2. Nf3 Nc6 3. Bc4 Nf6 4. Ng5 d5 5. exd5 b5 6. Bf1 Nd4 7. c3 Nxd5 8. h4 Nf5 9. Bxb5+ Bd7 10. Qa4 {[%emt 0:01:08] [#] Threatens to win with Bxd7+. White is slightly better.} Nf4 (10... Nb6 $16 {was worth a try.} 11. Bxd7+ Nxd7) 11. Bxd7+ $18 Qxd7 12. Qxd7+ Kxd7 13. Nxf7 e4 14. d4 Nd3+ 15. Ke2 Rg8 16. Ne5+ Nxe5 17. dxe5 Ke6 18. Bf4 Rb8 19. b3 Ne7 20. Bh2 {[%emt 0:10:07] Hoping for Nd2.} Ng6 (20... g5 $142 21. hxg5 Rxg5) 21. Nd2 Kf5 22. f3 {[%emt 0:03:16][%cal Bf2f3,Bf3f4,Bf4f5][%mdl 32] [#] And now g4+ would win.} Nxh4 (22... Nf4+ $142 23. Bxf4 Kxf4 24. Nxe4 (24. fxe4 Kxe5 25. Raf1 Ke6 $18) 24... h6 25. g3+ Kxe5) 23. g4+ Ke6 24. f4 g5 25. f5+ Kd5 26. Rad1 Bc5 27. b4 Bb6 28. c4+ Kd4 29. c5 (29. Rc1 $142 e3 30. Rhd1 exd2 31. Rxd2+ Ke4 32. c5 Nf3 33. Rc4+ Nd4+ 34. Rcxd4#) 29... Bxc5 30. Nb3+ {[%emt 0:01:08] Black got outplayed after the opening.   Weighted Error Value: White=0.08 (flawless) /Black=0.74.  Mistake:       	---       	Black=3      Inaccurate:     	---       	Black=1      OK:         	White=12    	Black=6      Best:        	White=1     	Black=2} 1-0

[Event "Lliga Catalana 2024"]
[Site "Catalonia"]
[Date "2024.02.24"]
[Round "6.3"]
[White "Martinez Pla, Xavier"]
[Black "Khamrakulov, Ibragim S."]
[Result "1/2-1/2"]
[ECO "B41"]
[WhiteElo "2251"]
[BlackElo "2408"]
[Annotator "TA"]
[PlyCount "20"]
[EventDate "2024.01.18"]
[EventType "team-tourn"]
[EventCountry "ESP"]
[SourceTitle "playchess.com"]
[Source "ChessBase"]
[SourceQuality "1"]
[TimeControl "5400+30"]

1. e4 c5 2. Nf3 e6 3. d4 cxd4 4. Nxd4 a6 5. c4 Nc6 6. Nc3 Bc5 7. Be3 {[%emt 0:10:50] [#] Nxc6 would now be deadly.} Qb6 8. Na4 $1 Qa5+ 9. Nc3 {[%emt 0:05:22] Threatens to win with Nb3.} Qb6 10. Na4 $1 Qa5+ $1 {[%emt 1:13:44] Weighted Error Value: White=0.11 (very precise) /Black=0.00 (flawless) .  OK:         	---       	Black=3      Strong:       	White=2     	Black=1} 1/2-1/2

[Event "Lliga Catalana 2024"]
[Site "Catalonia"]
[Date "2024.02.24"]
[Round "6.4"]
[White "Barseghyan, Harutyun"]
[Black "Ventura Bolet, Maxim"]
[Result "1-0"]
[ECO "D02"]
[WhiteElo "2442"]
[BlackElo "2233"]
[Annotator "RC"]
[PlyCount "91"]
[EventDate "2024.01.18"]
[EventType "team-tourn"]
[EventCountry "ESP"]
[SourceTitle "playchess.com"]
[Source "ChessBase"]
[SourceQuality "1"]
[TimeControl "5400+30"]

1. d4 d5 2. Nf3 e6 3. Bf4 Nf6 4. e3 c5 5. c3 Nc6 6. Nbd2 cxd4 7. exd4 Nh5 8. Bg3 g6 9. Ne5 Bg7 10. Bb5 Bd7 11. Bxc6 Bxc6 12. O-O Nxg3 13. hxg3 Rc8 14. Re1 O-O 15. f4 Be8 16. Ndf3 Qd6 17. Re3 a5 18. Qd2 b6 19. Rae1 Bb5 20. g4 f6 21. Nd3 Rce8 22. g5 Bxd3 23. Rxd3 fxg5 24. fxg5 Rf5 25. Qf2 h6 26. Qh4 Qf4 27. Qxf4 Rxf4 28. Rde3 Kf7 29. g3 Rf5 30. Kg2 h5 31. Kh3 Re7 32. g4 hxg4+ 33. Kxg4 Re8 34. Nh4 Rf2 35. R3e2 Rxe2 36. Rxe2 Rg8 37. Rf2+ Ke8 38. Nxg6 Bxd4 39. cxd4 Rxg6 40. Kh5 Rg8 41. g6 e5 42. dxe5 Ke7 43. Rf6 d4 44. Kg5 d3 45. Rd6 Rd8 46. Rxd8 1-0

[Event "Lliga Catalana 2024"]
[Site "Catalonia"]
[Date "2024.02.24"]
[Round "6.4"]
[White "Pi Pares, Albert"]
[Black "Moskalenko, Viktor"]
[Result "0-1"]
[ECO "B06"]
[WhiteElo "2240"]
[BlackElo "2416"]
[Annotator "TA"]
[PlyCount "56"]
[EventDate "2024.01.18"]
[EventType "team-tourn"]
[EventCountry "ESP"]
[SourceTitle "playchess.com"]
[Source "ChessBase"]
[SourceQuality "1"]
[TimeControl "5400+30"]

1. e4 g6 2. d4 Bg7 3. Nc3 d6 4. Be3 a6 5. g4 Nc6 6. d5 Ne5 (6... Bxc3+ $11 7. bxc3 Nb8) 7. h3 $16 Nf6 8. g5 (8. f4 $14 Ned7 9. Be2) 8... Nh5 $11 9. Be2 c5 10. a4 f5 11. gxf6 Nxf6 12. f4 Nf7 13. Bf3 (13. Qd3 $11 {is more appropriate.}) 13... O-O 14. Nge2 e6 15. dxe6 $1 Bxe6 16. Ng3 Qe7 17. Kf2 (17. Qd2 $15) 17... Rad8 18. Qd2 Bd7 (18... d5 $17 19. exd5 Rfe8) 19. Kg2 $15 Bc6 (19... b5 $17 20. axb5 axb5) 20. Rhe1 b5 21. axb5 axb5 22. Ra6 Be8 ({Black should try} 22... Bd7 $17) 23. b4 cxb4 24. Na2 Rc8 (24... b3 $11 {keeps the balance.} 25. cxb3 Bd7) 25. Nxb4 $16 Rc4 26. Bd4 Nd8 {[%emt 0:01:51] [#]} (26... Bh6 $14) 27. c3 $1 $18 {[%emt 0:02:02] Threatens to win with e5.} Ne6 {[%emt 0:00:19] [#]} 28. Nd5 $2 (28. e5 $1 $16 dxe5 29. Bxe5) 28... Nxd5 {[%emt 0:00:28] Weighted Error Value: White=0.43/Black=0.32.  Loses game:     	White=1     	---        Mistake:       	White=3     	Black=6      Inaccurate:     	White=3     	---        OK:         	White=7     	Black=4      Best:        	White=1     	Black=2      Strong:       	White=1     	---} 0-1

[Event "Lliga Catalana 2024"]
[Site "Catalonia"]
[Date "2024.02.24"]
[Round "6.5"]
[White "Salinas Tomas, Daniel"]
[Black "Pijuan Herranz, Manuel"]
[Result "1-0"]
[ECO "E05"]
[WhiteElo "2363"]
[BlackElo "2230"]
[Annotator "TA"]
[PlyCount "65"]
[EventDate "2024.01.18"]
[EventType "team-tourn"]
[EventCountry "ESP"]
[SourceTitle "playchess.com"]
[Source "ChessBase"]
[SourceQuality "1"]
[TimeControl "5400+30"]

1. d4 d5 2. c4 e6 3. Nf3 Nf6 4. g3 Be7 5. Bg2 O-O 6. O-O dxc4 7. Qc2 a6 8. Rd1 Nc6 {[%emt 0:02:56] Lässt Ne5 nicht zu} (8... b5 $11) 9. Qxc4 $14 {[%emt 0:01:17] Weiß steht aktiver.} Qd5 10. Qxd5 {[%emt 0:03:39] Weiß steht etwas besser.} exd5 11. Bf4 Bd6 12. Bxd6 cxd6 13. Nc3 h6 14. e3 Be6 15. Ne1 Na5 16. Nd3 {[%emt 0:00:41] Schwarz muss nun Nf4 beachten.} Nc4 17. b3 Nb6 18. Rdc1 Rac8 19. a4 Rc7 20. a5 Rfc8 21. Na2 (21. axb6 Rxc3 22. Rxc3 Rxc3 $17) 21... Rxc1+ 22. Rxc1 Rxc1+ 23. Ndxc1 Nc8 24. Nb4 Na7 25. Bf1 Kf8 26. Nca2 Ke7 27. Nc3 Kd7 28. f3 Nc6 29. Nxc6 Kxc6 30. b4 Bf5 31. g4 Bc2 32. h4 Ne8 $2 {[%mdl 8192] [#]} ({Vorzuziehen ist} 32... Bb3 $14) 33. b5+ {[%emt 0:00:30] Gewichteter Fehlerwert: Weiß=0.09 (makellos) /Schwarz=0.31.  Verlustzug:     	---       	Schwarz=1     Fehler:       	---       	Schwarz=1     Ungenau:       	Weiß=2     	Schwarz=2     OK:         	Weiß=12    	Schwarz=8     Bester:       	Weiß=1     	---} 1-0

[Event "Lliga Catalana 2024"]
[Site "Catalonia"]
[Date "2024.02.24"]
[Round "6.5"]
[White "Ventura Bolet, Alexandre"]
[Black "Bagheri, Amir"]
[Result "0-1"]
[ECO "A07"]
[WhiteElo "2242"]
[BlackElo "2381"]
[Annotator "TA"]
[PlyCount "118"]
[EventDate "2024.01.18"]
[EventType "team-tourn"]
[EventCountry "ESP"]
[SourceTitle "playchess.com"]
[Source "ChessBase"]
[SourceQuality "1"]
[TimeControl "5400+30"]

1. Nf3 d5 2. g3 c6 3. Bg2 Bg4 4. O-O Nd7 5. c4 Bxf3 6. Bxf3 Ne5 7. cxd5 Nxf3+ 8. exf3 {[%emt 0:00:07] The position is equal.} Qxd5 9. d4 e6 10. Nc3 Qd7 11. Be3 Nf6 12. Qb3 Be7 13. Rfd1 O-O 14. a4 a5 15. Ne4 Nd5 16. Nd2 b5 17. Rac1 (17. Rdc1 $11 {keeps the balance.}) 17... Rfb8 18. axb5 (18. Qc2 $142) 18... cxb5 $17 19. Ne4 a4 20. Qc2 b4 21. Nc5 Qe8 (21... Qc6 $19 22. Qd3 a3) 22. Ra1 g6 23. Bh6 (23. Nxa4 $2 {too greedy.} b3 24. Qc4 Rb4 $19) 23... b3 (23... a3 $17 {[%cal Ob4b3] Strongly threatening ...b3!} 24. Rd3 axb2 25. Rxa8 Rxa8 26. Qxb2 Qb5) 24. Qd2 Nb4 (24... Qb5 $17 25. h4 Bf6) 25. Qf4 $11 Nd5 (25... a3 $11 26. bxa3 (26. Rxa3 Nd5 $11) 26... Nd5) 26. Qd2 $1 $17 Bf6 27. h4 Rb4 $36 {[%emt 0:04:05][%mdl 2048] White is under strong pressure.} 28. Be3 Rc4 29. Rdc1 {[%emt 0:01:08] Wards off Rc2} Rxc1+ 30. Qxc1 (30. Rxc1 $17 h5 31. Kg2) 30... Qb5 $19 31. Qd1 Nb6 {[%emt 0:03:17][%cal Bd5b6,Bb6c4,Bc4a3][%mdl 32] Black has more active pieces.} 32. Ne4 (32. Qf1 $17 Qb4 33. Nd3) 32... Bg7 33. Rb1 Nc4 34. Qd3 {[%emt 0:02:20] [#]} Na3 $1 35. Qxb5 Nxb5 36. Rd1 a3 (36... f5 $2 37. Nc5 $19) 37. bxa3 Nxa3 38. Kg2 (38. Nd2 $142 b2 39. Kg2) 38... b2 39. Nd2 Bf8 40. Nb1 Bb4 41. d5 exd5 42. Bd4 Nc4 43. Rd3 Bf8 {[%emt 0:02:04] [#] aiming for ...Ra1.} 44. Bxb2 Nxb2 45. Rxd5 Bb4 46. Nd2 Bxd2 47. Rxd2 {[%emt 0:00:04][%mdl 4096] Endgame. KRN-KR} Nc4 48. Rd4 Ne5 49. Rd5 f6 50. f4 Ng4 51. Rd2 {[%emt 0:00:10] Dodges Ra2} Kg7 52. Re2 f5 53. Rb2 Ra7 54. Re2 Kf7 55. Rb2 Ke6 56. f3 $2 (56. h5) 56... Ne3+ 57. Kh3 Ra1 {White must now prevent ...Rh1+.} 58. g4 Rh1+ 59. Kg3 Nf1+ {Weighted Error Value: White=0.35/Black=0.14 (very precise) .  Mistake:       	White=6     	Black=4      Inaccurate:     	White=3     	Black=1      OK:         	White=17    	Black=30     Best:        	White=1     	Black=2      Strong:       	White=1     	---} 0-1

[Event "Lliga Catalana 2024"]
[Site "Catalonia"]
[Date "2024.02.24"]
[Round "6.6"]
[White "Salgado Allaria, Carlos"]
[Black "Fortuny Profitos, Jordi"]
[Result "1/2-1/2"]
[ECO "A49"]
[WhiteElo "2228"]
[BlackElo "2120"]
[Annotator "TA"]
[PlyCount "56"]
[EventDate "2024.01.18"]
[EventType "team-tourn"]
[EventCountry "ESP"]
[SourceTitle "playchess.com"]
[Source "ChessBase"]
[SourceQuality "1"]
[TimeControl "5400+30"]

1. Nf3 Nf6 2. g3 d6 3. d4 g6 4. b3 Bg7 5. Bb2 O-O 6. Bg2 c6 7. O-O Bg4 8. h3 Bxf3 9. Bxf3 d5 10. Nd2 Nbd7 11. c4 b5 12. Qc2 Re8 13. e4 dxe4 14. Nxe4 Nxe4 15. Bxe4 {[%emt 0:00:24][%cal Bf3e4,Be4d3,Bd3c4][%mdl 32] Das Läuferpaar ist gut.} Rc8 16. Rfd1 Qa5 17. Bc3 Qa6 18. Bd3 e5 19. dxe5 Nxe5 20. Bxe5 Bxe5 21. Rac1 bxc4 22. Bxc4 Qb7 23. Qd3 {[%emt 0:05:14] [#] Und Ba6 würde nun gewinnen.} Qe7 24. Qf3 Qf6 25. Qxf6 Bxf6 26. Rd7 Re7 27. Rcd1 Rc7 28. Rxc7 Rxc7 {[%emt 0:00:29] Gewichteter Fehlerwert: Weiß=0.07 (makellos) /Schwarz=0.06 (makellos) .  Ungenau:       	Weiß=1     	Schwarz=2     OK:         	Weiß=9     	Schwarz=9} 1/2-1/2

[Event "Lliga Catalana 2024"]
[Site "Catalonia"]
[Date "2024.02.24"]
[Round "6.6"]
[White "Gonzalez Rodriguez, Jorge A."]
[Black "Perpinya Rofes, Lluis Maria"]
[Result "1-0"]
[ECO "A25"]
[WhiteElo "2210"]
[BlackElo "2236"]
[Annotator "ChessBase"]
[PlyCount "83"]
[EventDate "2024.01.18"]
[EventType "team-tourn"]
[EventCountry "ESP"]
[SourceTitle "playchess.com"]
[Source "ChessBase"]
[SourceQuality "1"]
[TimeControl "5400+30"]

1. c4 g6 2. Nc3 Bg7 3. g3 e5 4. Bg2 d6 5. d3 Nc6 6. e3 Be6 7. Nge2 h5 8. h3 Qd7 9. Nd5 Nd8 10. e4 c6 11. Ne3 Ne7 12. d4 exd4 13. Nxd4 O-O 14. Nxe6 Nxe6 15. O-O Rad8 16. Rb1 a6 17. b3 c5 18. b4 Nd4 19. bxc5 dxc5 20. Ba3 Qc7 21. Nd5 Nxd5 22. exd5 Rfe8 23. Bb2 h4 24. gxh4 Qf4 25. Bxd4 Bxd4 26. Qg4 Qxg4 27. hxg4 Re2 28. Rxb7 Rxa2 29. g5 Rd6 30. Ra7 Rc2 31. Kh2 Bxf2 32. Be4 Re2 33. Bf3 Rb2 34. Kh3 Bd4 35. Re1 Rb3 36. Kg4 Rb8 37. Ree7 Rf8 38. Kf4 Rb6 39. h5 gxh5 40. Bxh5 Rb1 41. d6 Rf1+ 42. Bf3 1-0

[Event "Lliga Catalana 2024"]
[Site "Catalonia"]
[Date "2024.02.24"]
[Round "6.7"]
[White "Bernado Lopez, Roger"]
[Black "Banos, Oscar"]
[Result "1/2-1/2"]
[ECO "B33"]
[WhiteElo "2168"]
[BlackElo "2199"]
[Annotator "RC"]
[PlyCount "52"]
[EventDate "2024.01.18"]
[EventType "team-tourn"]
[EventCountry "ESP"]
[SourceTitle "playchess.com"]
[Source "ChessBase"]
[SourceQuality "1"]
[TimeControl "5400+30"]

1. e4 c5 2. Nf3 Nc6 3. d4 cxd4 4. Nxd4 Nf6 5. Nc3 e5 6. Ndb5 d6 7. Bg5 a6 8. Na3 b5 9. Nd5 Be7 10. Bxf6 Bxf6 11. c4 b4 12. Nc2 O-O 13. g3 Bg5 14. Bg2 a5 15. h4 Bh6 16. O-O Rb8 17. b3 Be6 18. Qd3 g6 19. Rfd1 Kh8 20. a3 bxa3 21. Rxa3 Bg4 22. Bf3 Be6 23. Qe2 Rb7 24. Nc3 Rd7 25. Nb5 Qb6 26. Rd3 Na7 1/2-1/2

[Event "Lliga Catalana 2024"]
[Site "Catalonia"]
[Date "2024.02.24"]
[Round "6.7"]
[White "Cano Sevilla, Ivan"]
[Black "Juan Bartroli, Marc"]
[Result "1-0"]
[ECO "D02"]
[WhiteElo "2094"]
[BlackElo "2140"]
[Annotator "ChessBase"]
[PlyCount "117"]
[EventDate "2024.01.18"]
[EventType "team-tourn"]
[EventCountry "ESP"]
[SourceTitle "playchess.com"]
[Source "ChessBase"]
[SourceQuality "1"]
[TimeControl "5400+30"]

1. d4 Nf6 2. Bf4 d5 3. e3 e6 4. Nd2 Bd6 5. Bg3 O-O 6. Ngf3 c5 7. c3 Qc7 8. dxc5 Qxc5 9. Bd3 Nbd7 10. e4 dxe4 11. Bxe4 Be7 12. Qe2 Rd8 13. Rd1 Qb6 14. Nc4 Qa6 15. Bb1 b6 16. Nd4 Bb7 17. O-O Bd5 18. Ne3 Qxe2 19. Nxe2 Bb7 20. Nd4 Nc5 21. f3 Nh5 22. Bf2 Rac8 23. Bc2 Ba6 24. Rfe1 Nf4 25. Ng4 Ncd3 26. Bxd3 Nxd3 27. Re2 Bc5 28. Red2 f5 29. Ne3 Kf7 30. g3 Bxd4 31. cxd4 Nxf2 32. Kxf2 Bc4 33. b3 Bd5 34. Ng2 Rc3 35. Ne1 Rdc8 36. Nd3 Kf6 37. Ne5 R8c7 38. h4 a5 39. Ke2 b5 40. Rd3 a4 41. Rxc3 Rxc3 42. Kd2 b4 43. bxa4 Bxa2 44. Ra1 Bd5 45. a5 Rc8 46. Nd7+ Ke7 47. Nb6 Rb8 48. Nxd5+ exd5 49. a6 Kd6 50. a7 Ra8 51. Kc2 Kc6 52. Kb3 Kb5 53. Ra4 Kc6 54. Kxb4 Kb6 55. Ra5 Kc6 56. Ra6+ Kb7 57. Kb5 Kc7 58. Ra1 Kb7 59. Kc5 1-0

[Event "Lliga Catalana 2024"]
[Site "Catalonia"]
[Date "2024.02.24"]
[Round "6.8"]
[White "Ibanez Tarradellas, Eduardo"]
[Black "Alonso Seisdedos, Cayetano"]
[Result "1/2-1/2"]
[ECO "D02"]
[WhiteElo "2164"]
[BlackElo "2243"]
[Annotator "TA"]
[PlyCount "29"]
[EventDate "2024.01.18"]
[EventType "team-tourn"]
[EventCountry "ESP"]
[SourceTitle "playchess.com"]
[Source "ChessBase"]
[SourceQuality "1"]
[TimeControl "5400+30"]

1. d4 d5 2. Nf3 Nf6 3. c3 c6 4. Qb3 Qb6 5. Bf4 Bf5 {[%emt 0:01:57] The position is equal.} 6. Nbd2 h6 7. h3 Nbd7 8. e3 e6 9. Be2 Ne4 10. Nxe4 Bxe4 11. O-O Be7 12. Nd2 Bg6 13. c4 Qxb3 14. Nxb3 a5 15. Rac1 {[%emt 0:04:25] A rather calm draw.   Weighted Error Value: White=0.02 (flawless) /Black=0.01 (flawless) .  Inaccurate:     	White=1     	---        OK:         	White=1     	Black=6} 1/2-1/2

[Event "Lliga Catalana 2024"]
[Site "Catalonia"]
[Date "2024.02.24"]
[Round "6.8"]
[White "Nadal Fajardo, Ricard"]
[Black "Serra Canals, Oriol"]
[Result "1/2-1/2"]
[ECO "D05"]
[WhiteElo "2025"]
[BlackElo "2158"]
[Annotator "ChessBase"]
[PlyCount "138"]
[EventDate "2024.01.18"]
[EventType "team-tourn"]
[EventCountry "ESP"]
[SourceTitle "playchess.com"]
[Source "ChessBase"]
[SourceQuality "1"]
[TimeControl "5400+30"]

1. d4 e6 2. Nf3 Nf6 3. Nbd2 d5 4. e3 c5 5. c3 Nc6 6. Bd3 Qc7 7. Qe2 Be7 8. dxc5 Bxc5 9. e4 O-O 10. O-O h6 11. h3 e5 12. exd5 Nxd5 13. Nb3 Bb6 14. c4 Nf6 15. c5 Ba5 16. Nxa5 Qxa5 17. Nxe5 Nd4 18. Qe3 Qxc5 19. b4 Qxb4 20. Ba3 Qxa3 21. Bh7+ Nxh7 22. Qxa3 Nc2 23. Qb3 Nxa1 24. Rxa1 Rb8 25. Qa3 a6 26. Rc1 Nf6 27. Nc4 Be6 28. Nb6 Nd5 29. Nxd5 Bxd5 30. Rd1 Be6 31. Qa5 Rbc8 32. a3 Rc6 33. Qb4 b5 34. Qe7 Rfc8 35. Rd6 Kh7 36. Rxc6 Rxc6 37. Qb7 Rd6 38. Kh2 Bc4 39. Qc7 Rf6 40. Qc5 Re6 41. Qf5+ Kg8 42. Qc5 Re2 43. Kg3 Re6 44. Kh2 g6 45. Kg3 Kh7 46. h4 h5 47. Qc7 Re4 48. f3 Re3 49. Qc5 Rb3 50. Kf4 Rd3 51. Kg3 Be6 52. Kh2 a5 53. Kg3 Rb3 54. Kf4 b4 55. axb4 Rxb4+ 56. Kg5 Bc4 57. Kf6 Bb5 58. Kxf7 Rf4+ 59. Ke7 Rf5 60. Qc7 a4 61. Ke6+ Kh6 62. Qc1+ Kg7 63. Qc3+ Kg8 64. g4 hxg4 65. fxg4 Rf7 66. Qc8+ Kg7 67. Qc3+ Kg8 68. Qc8+ Kg7 69. Qc3+ Kg8 1/2-1/2

[Event "Lliga Catalana 2024"]
[Site "Catalonia"]
[Date "2024.02.24"]
[Round "6.9"]
[White "Prada Villagrasa, Pau Manel"]
[Black "Serra Pages, Jordi"]
[Result "1/2-1/2"]
[ECO "B33"]
[WhiteElo "2131"]
[BlackElo "2187"]
[Annotator "RC"]
[PlyCount "130"]
[EventDate "2024.01.18"]
[EventType "team-tourn"]
[EventCountry "ESP"]
[SourceTitle "playchess.com"]
[Source "ChessBase"]
[SourceQuality "1"]
[TimeControl "5400+30"]

1. e4 c5 2. Nf3 Nc6 3. d4 cxd4 4. Nxd4 Nf6 5. Nc3 e5 6. Ndb5 d6 7. Bg5 a6 8. Na3 b5 9. Nd5 Be7 10. Bxf6 Bxf6 11. c3 O-O 12. Nc2 Rb8 13. Be2 Bg5 14. O-O Ne7 15. Nce3 Bxe3 16. Nxe3 Bb7 17. Bf3 Qd7 18. Qd3 f5 19. Rad1 Rbd8 20. c4 fxe4 21. Bxe4 Bxe4 22. Qxe4 Rf4 23. Qd3 Qe6 24. cxb5 Rd4 25. Qe2 axb5 26. Qxb5 Rxd1 27. Rxd1 Qxa2 28. Nc4 Nf5 29. Nxe5 Qe6 30. Nc6 Re8 31. h3 h6 32. Qd5 Qxd5 33. Rxd5 Ne7 34. Rxd6 Nxc6 35. Rxc6 Re1+ 36. Kh2 Re2 37. b4 Rb2 38. Rc4 Rxf2 39. Kg3 Rb2 40. Rf4 g5 41. Rd4 Kf7 42. Kf3 Ke6 43. g3 h5 44. h4 Rb3+ 45. Kf2 Rb2+ 46. Kf1 Rb1+ 47. Ke2 Rb2+ 48. Ke1 Rb1+ 49. Kd2 Rb3 50. g4 hxg4 51. hxg5 Kf5 52. g6 Kxg6 53. Rxg4+ Kf5 54. Kc2 Ra3 55. Kb2 Rh3 56. Rd4 Ke5 57. Rd8 Ke6 58. Rd4 Ke5 59. Rd2 Ke6 60. Rd8 Rg3 61. Rd2 Rh3 62. Ka2 Rg3 63. b5 Rg5 64. Rb2 Kd6 65. b6 Ra5+ 1/2-1/2

[Event "Lliga Catalana 2024"]
[Site "Catalonia"]
[Date "2024.02.24"]
[Round "6.9"]
[White "Martinez Lopez, Carlos"]
[Black "Chigaeva, Anastasia"]
[Result "1/2-1/2"]
[ECO "B38"]
[WhiteElo "2006"]
[BlackElo "2106"]
[Annotator "NA"]
[PlyCount "43"]
[EventDate "2024.01.18"]
[EventType "team-tourn"]
[EventCountry "ESP"]
[SourceTitle "playchess.com"]
[Source "ChessBase"]
[SourceQuality "1"]
[TimeControl "5400+30"]

1. e4 c5 2. Nf3 Nc6 3. d4 cxd4 4. Nxd4 g6 5. c4 Bg7 6. Be3 Nf6 7. Nc3 d6 8. Be2 O-O 9. O-O Bd7 10. f3 Nxd4 11. Bxd4 Bc6 12. Qd2 a5 13. b3 Nd7 14. Bxg7 Kxg7 15. Qd4+ Kg8 16. a3 Qb6 17. Qxb6 Nxb6 18. Nd5 Bxd5 19. cxd5 Rfc8 20. Rfc1 g5 21. Bb5 Kg7 22. Kf2 1/2-1/2

[Event "Lliga Catalana 2024"]
[Site "Catalonia"]
[Date "2024.02.24"]
[Round "6.10"]
[White "Pinsach Gelabert, Alexandre"]
[Black "Jareno Badenas, Aleix"]
[Result "1-0"]
[ECO "C02"]
[WhiteElo "2150"]
[BlackElo "2122"]
[Annotator "RC"]
[PlyCount "37"]
[EventDate "2024.01.18"]
[EventType "team-tourn"]
[EventCountry "ESP"]
[SourceTitle "playchess.com"]
[Source "ChessBase"]
[SourceQuality "1"]
[TimeControl "5400+30"]

1. e4 e6 2. d4 d5 3. e5 c5 4. c3 Nc6 5. Nf3 Qb6 6. Bd3 cxd4 7. O-O Bd7 8. Re1 Nge7 9. h4 Nf5 10. Bxf5 exf5 11. cxd4 Be7 12. Nc3 Be6 13. Rb1 O-O 14. Bg5 Bb4 15. Qd3 Bxc3 16. Qxc3 Rfc8 17. Qd2 Qb4 18. Rec1 h6 19. Rxc6 1-0